 Dungeon Crawl Stone Soup version 0.29.1-15-g9cfb28693d (webtiles) character file.

Game seed: 387583322806323247

1292 bnorton916 the Thaumaturge (level 8, -1/41 HPs)
             Began as a Deep Elf Fire Elementalist on Feb 28, 2023.
             Was an Initiate of Sif Muna.
             Slain by an ogre
             ... wielding a +0 giant club
              (17 damage)
             ... on level 6 of the Dungeon.
             The game lasted 00:08:04 (7536 turns).

bnorton916 the Thaumaturge (DEFE)                   Turns: 7536, Time: 00:08:05

Health: -1/41      AC:  7    Str:  5    XL:     8   Next: 30%
Magic:  16/24      EV: 12    Int: 23    God:    Sif Muna [......]
Gold:   225        SH:  0    Dex: 15    Spells: 17/23 levels left

rFire   . . .      SeeInvis .   (no weapon)
rCold   . . .      Faith    .   (no shield)
rNeg    + . .      Spirit   .   a - +0 robe
rPois   .          Reflect  .   (helmet restricted)
rElec   .          Harm     .   (no cloak)
rCorr   .          Rampage  .   (no gloves)
Will    .....                   v - +0 pair of boots
Stlth   ++........              (no amulet)
HPRegen 0.13/turn               c - ring of positive energy
MPRegen 0.19/turn               m - +4 ring of protection

@: unable to read
A: beak, high MP 1, inability to read after injury 1
a: Renounce Religion


You were on level 6 of the Dungeon.
You worshipped Sif Muna.
Sif Muna was noncommittal.
You visited 2 branches of the dungeon, and saw 7 of its levels.

You collected 225 gold pieces.

Inventory:

Hand Weapons
 y - a +2 flail of protection
 A - a +0 dagger of electrocution
Missiles
 k - 10 poisoned darts
 t - 14 javelins
 x - a boomerang
Armour
 a - a +0 robe (worn)
 v - a +0 pair of boots (worn)
 w - a +0 helmet
Magical Staves
 i - a staff of earth
 o - a staff of cold
Jewellery
 c - a ring of positive energy (left hand)
 g - a ring of protection from fire
 m - a +4 ring of protection (right hand)
 u - an amulet of faith
Wands
 d - a wand of light (8)
 n - a wand of digging (3)
 z - a wand of flame (6)
Scrolls
 e - a scroll of vulnerability {unknown}
 h - a scroll of immolation
 j - a scroll of amnesia
 l - a scroll of fear {unknown}
 p - a scroll of identify {unknown}
 s - a scroll of butterflies {unknown}
Potions
 b - a potion of magic
 f - a potion of attraction
 q - a potion of brilliance
 r - a potion of heal wounds


   Skills:
 - Level 2.4 Dodging
 - Level 2.4 Stealth
 + Level 8.2 Spellcasting
 + Level 6.3 Conjurations
 + Level 7.2 Fire Magic


You had 17 spell levels left.
You knew the following spells:

 Your Spells              Type           Power      Damage    Failure   Level
a - Foxfire               Conj/Fire      100%       2x1d9     1%          1
b - Scorch                Fire           84%        2d9       1%          2
c - Conjure Flame         Conj/Fire      40%        6-21      1%          3

Your spell library contained the following spells:

 Spells                   Type           Power      Damage    Failure   Level
 Inner Flame              Hex/Fire       26%        N/A       4%          3
 Flame Wave               Conj/Fire      40%        2d11      4%          4
 Beastly Appendage        Tmut           18%        N/A       7%          1
 Blink                    Tloc           18%        N/A       11%         2
 Sublimation of Blood     Necr           9%         N/A       11%         2
 Wereblood                Tmut           9%         N/A       11%         2
 Spider Form              Tmut/Pois      9%         N/A       21%         3
 Tukima's Dance           Hex            9%         N/A       21%         3
 Leda's Liquefaction      Hex/Erth       4%         N/A       56%         4
 Passage of Golubria      Tloc           9%         N/A       56%         4
 Alistair's Intoxication  Tmut/Pois      6%         N/A       88%         5
 Borgnjor's Vile Clutch   Necr/Erth      4%         N/A       88%         5
 Lee's Rapid Deconstruct  Erth           4%         3d6*      88%         5
 Manifold Assault         Tloc           9%         N/A       88%         5
 Yara's Violent Unravell  Hex/Tmut       4%         3d4       88%         5
 Eringya's Noxious Bog    Tmut/Pois      4%         N/A       100%        6
 Statue Form              Tmut/Erth      6%         N/A       100%        6
 Storm Form               Tmut/Air       4%         N/A       100%        7
 Summon Hydra             Summ           4%         N/A       100%        7


Dungeon Overview and Level Annotations

Branches:
Dungeon (6/15)             Temple (1/1) D:5

Altars:
Ashenzari
Cheibriados
Elyvilon
Fedhas
Hepliaklqana
Kikubaaqudgha
Makhleb
Nemelex Xobeh
Okawaru
Qazlal
Ru
Sif Muna
Trog
Uskayaw
Vehumet
Wu Jian
Xom
Yredelemnul
Zin
The Shining One

Shops:
D:5 :


Innate Abilities, Weirdness & Mutations

You have a beak for a mouth.
You have an increased reservoir of magic. (+10% MP)
You occasionally lose the ability to read scrolls when taking damage.


Message History

You conjure some foxfire!
Your foxfire dissipates!
Your foxfire dissipates!
An ogre comes into view. It is wielding a +0 giant club.
Casting: Foxfire (safe; 1% risk of failure)
Confirm with . or Enter, or press ? or * to list all spells.
You conjure some foxfire!
The ogre shouts!
A wyvern comes into view.
Casting: Foxfire (safe; 1% risk of failure)
Confirm with . or Enter, or press ? or * to list all spells.
You conjure some foxfire!
The foxfire hits the wyvern.
The wyvern is lightly wounded.
The foxfire hits the wyvern.
The wyvern is lightly wounded.
The foxfire hits the wyvern.
The wyvern is lightly wounded.
Casting: Foxfire (safe; 1% risk of failure)
Confirm with . or Enter, or press ? or * to list all spells.
Flames lash the ogre.
The ogre is heavily wounded.
The ogre's fire resistance burns away.
Your foxfire dissipates!
The ogre hits you with a +0 giant club!
Casting: Scorch (safe; 1% risk of failure)
Confirm with . or Enter, or press ? or * to list all spells.
Flames lash the wyvern.
The wyvern is heavily wounded.
The wyvern's fire resistance burns away.
The wyvern bites you but does no damage.
The ogre hits you with a +0 giant club! The wyvern barely misses you.
Unknown command.
Casting: Scorch (safe; 1% risk of failure)
Confirm with . or Enter, or press ? or * to list all spells.
Flames lash the wyvern.
The wyvern is burned terribly!
You kill the wyvern!
Sif Muna accepts your kill. The ogre hits you with a +0 giant club!
You feel threatened and lose the ability to read scrolls!
You die...

### ####.# #....#
#.##.# ###
####.##.###.#
##...)##.....#
#.@##§######.#
......†O....# #.#
###.##.#.##.#####.#
# #. .##.....#.#
..§.##.......#
.#†#.##..##.####
...#.....##.##<# #
#.#.##..##.##.# ..
#..>..##.#


You could see an ogre (combustible).

Vanquished Creatures
  A wyvern (D:6)
  Menkaure (D:5)
  Edmund (D:5)
  A water moccasin (D:5)
  Duvessa (D:5)
  A black bear (D:5)
  An ogre (D:4)
  3 necrophages
  A scorpion (D:4)
  Dowan (D:5)
  An orc priest (D:6)
  3 hounds
  An orc wizard (D:6)
  8 adders
  4 gnolls (D:5)
  A shadow imp (D:5)
  A worm (D:3)
  3 dart slugs
  10 orcs
  9 ball pythons
  5 bats
  8 endoplasms
  5 giant cockroaches
  6 goblins
  8 hobgoblins
  9 jackals
  6 kobolds
  3 quokkas
  7 frilled lizards
  13 rats
123 creatures vanquished.

Vanquished Creatures (others)
  501 foxfires
501 creatures vanquished.

Grand Total: 624 creatures vanquished

Notes
Turn   | Place    | Note
-------+----------+-------------------------------------------
     0 | D:1      | bnorton916 the Deep Elf Fire Elementalist began the quest
                  | for the Orb.
     0 | D:1      | Reached XP level 1. HP: 10/10 MP: 6/6
   333 | D:1      | Reached XP level 2. HP: 15/15 MP: 5/8
   909 | D:1      | Reached XP level 3. HP: 19/19 MP: 6/10
  1621 | D:1      | Learned a level 2 spell: Scorch
  1625 | D:1      | Learned a level 3 spell: Conjure Flame
  1685 | D:2      | Found a faded altar of an unknown god.
  1716 | D:2      | Reached skill level 4 in Spellcasting
  2297 | D:2      | Reached XP level 4. HP: 19/24 MP: 7/12
  2810 | D:3      | Found a white marble altar of Elyvilon.
  3169 | D:3      | Found a hide-covered altar of Uskayaw.
  3229 | D:3      | Found a blossoming altar of Fedhas.
  3895 | D:4      | Reached XP level 5. HP: 26/28 MP: 7/14
  4005 | D:4      | Reached skill level 5 in Spellcasting
  4111 | D:4      | Noticed an ogre
  4131 | D:4      | Killed an ogre
  4132 | D:4      | Reached skill level 5 in Fire Magic
  4132 | D:4      | Reached XP level 6. HP: 32/32 MP: 6/16
  5208 | D:4      | Reached skill level 6 in Spellcasting
  5293 | D:5      | Entered Level 5 of the Dungeon
  5293 | D:5      | Noticed Menkaure
  5298 | D:5      | Killed Menkaure
  5299 | D:5      | Reached XP level 7. HP: 36/36 MP: 12/18
  5336 | D:5      | Noticed Duvessa
  5337 | D:5      | Noticed Dowan
  5388 | D:5      | Found Puly's Vocational Training.
  5396 | D:5      | Reached skill level 5 in Conjurations
  5564 | D:5      | Killed Dowan
  5760 | D:5      | Gained mutation: You occasionally lose the ability to read
                  | scrolls when taking damage. [potion of mutation]
  5760 | D:5      | Gained mutation: You have an increased reservoir of magic.
                  | (+10% MP) [potion of mutation]
  5760 | D:5      | Gained mutation: You have a beak for a mouth. [potion of
                  | mutation]
  5766 | D:5      | Killed Duvessa
  5766 | D:5      | HP: 1/54 [spore (21)]
  5767 | D:5      | Reached skill level 7 in Spellcasting
  6419 | D:5      | Found a staircase to the Ecumenical Temple.
  6444 | D:5      | Reached XP level 8. HP: 41/41 MP: 16/23
  6445 | Temple   | Entered the Ecumenical Temple
  6537 | Temple   | Became a worshipper of Sif Muna the Loreminder
  6640 | D:5      | Noticed Edmund
  6646 | D:5      | Killed Edmund
  6868 | D:5      | Found a burning altar of Makhleb.
  6868 | D:5      | Found an ancient bone altar of Kikubaaqudgha.
  6875 | D:5      | Found a basalt altar of Yredelemnul.
  6877 | D:5      | Found a stormy altar of Qazlal.
  6879 | D:5      | Found a glowing silver altar of Zin.
  6916 | D:5      | Identified the +10 long sword of Hasapeh {antimagic, Str+3
                  | Int+2}
  7197 | D:5      | Found a sparkling altar of Nemelex Xobeh.
  7320 | D:6      | Reached skill level 8 in Spellcasting
  7536 | D:6      | Slain by an ogre

Illustrated notes

Levels and vault maps discovered:
D:1:      minmay_arrival_loop, layout_basic, minmay_octomino_c4
D:2:      layout_basic, dreamdust_ecumenical_altar_statues
D:3:      layout_basic, fedhas_altar_fruit_tree, elyvilon_altar_5,
          nicolae_uskayaw_dance_hall, st_stairs_1
D:4:      layout_basic, roderic_lattice_a
D:5:      layout_cave_pools, kennysheep_little_box,
          chequers_temple_overflow_minitemple, minmay_temple_entry_glass,
          abandoned_shop, nicolae_shop_vocational, uniq_duvessa, uniq_edmund,
          uniq_menkaure
D:6:      layout_basic, serial_shops, nicolae_square_shop,
          gammafunk_ghost_arena, hangedman_decor_slide_cut, minmay_diced_spiral
Temple:   hellmonk_temple_of_storms

Skill      XL: |  1  2  3  4  5  6  7  8 |
---------------+-------------------------+-----
Conjurations   | 2 3 4 5 6 |  6.3
Spellcasting   | 4 5 6 7 8 |  8.2
Fire Magic     | 4 5 6 7 |  7.2
Dodging        | |  2.4
Stealth        | |  2.4

Action                   |  1- 3 |  4- 6 |  7- 9 || total
-------------------------+-------+-------+-------++-------
Melee: Unarmed           |       |       |     4 ||     4
 Cast: Foxfire           |   160 |    82 |    48 ||   290
       Scorch            |     2 |    29 |    35 ||    66
       Conjure Flame     |       |     1 |     1 ||     2
  Use: Potion            |       |       |     7 ||     7
       Scroll            |       |       |     3 ||     3
Armor: Robe              |     3 |     5 |    10 ||    18
       Skin              |       |       |     3 ||     3
Dodge: Dodged            |     8 |    14 |    29 ||    51
